 Dungeon Crawl Stone Soup version 0.29-a0-409-gd843f3a48c (webtiles) character file.

Game seed: 1857138405004827609

630 holysushi the Insei (level 7, -2/39 (49) HPs)
             Began as a Mummy Necromancer on May 14, 2022.
             Was an Initiate of Okawaru.
             Slain by an iguana (13 damage)
             ... on level 5 of the Dungeon.
             The game lasted 00:13:20 (6527 turns).

holysushi the Insei (Mummy Necromancer)             Turns: 6527, Time: 00:13:21

HP:   -2/39 (49)    AC:  3    Str: 17    XL:     7   Next: 24%
MP:   2/13          EV: 12    Int: 14    God:    Okawaru [......]
Gold: 146           SH:  0    Dex: 15    Spells: 10/14 levels left

rFire   x . .      SeeInvis .     - Unarmed
rCold   + . .      Faith    .   (no shield)
rNeg    + + +      Spirit   .   a - +0 robe
rPois   ∞          Reflect  .   b - +0 helmet
rElec   .          Harm     .   i - scarf {+Inv}
rCorr   .          Rampage  .   (no gloves)
Will    .....                   (no boots)
Stlth   ++........              p - amulet of the acrobat
HPRegen 0.13/turn               h - +6 ring of strength
MPRegen 0.13/turn               (no ring)

@: heavily drained
A: cold resistance 1, negative energy resistance 3, torment resistance 2, heat
vulnerability 1, in touch with death 1, no potions
a: Renounce Religion, Evoke Invisibility


You were on level 5 of the Dungeon.
You worshipped Okawaru.
Okawaru was noncommittal.
You visited 2 branches of the dungeon, and saw 6 of its levels.
You also visited: Sewer.

You collected 271 gold pieces.
You spent 125 gold pieces at shops.

Inventory:

Missiles
 m - 3 throwing nets
Armour
 a - a +0 robe (worn)
 b - a +0 helmet (worn)
 i - a scarf of invisibility (worn)
Jewellery
 h - a +6 ring of strength (left hand)
 p - an amulet of the acrobat (around neck)
Wands
 l - a wand of flame (5)
Scrolls
 c - a scroll of summoning
 d - 3 scrolls of teleportation
 e - 2 scrolls of amnesia
 f - 4 scrolls of immolation
 g - a scroll of fog
 j - 2 scrolls of enchant armour {unknown}
 k - 4 scrolls of blinking
 n - 2 scrolls of identify
 o - a scroll of acquirement {unknown}


   Skills:
 + Level 1.8 Fighting
 + Level 2.3 Dodging
 - Level 1.5 Stealth
 * Level 4.5 Unarmed Combat
 - Level 4.0 Spellcasting
 - Level 4.0 Necromancy
 + Level 2.7 Evocations


You had 10 spell levels left.
You knew the following spells:

 Your Spells              Type           Power      Damage    Failure   Level
a - Pain                  Necr           84%        1d8       3%          1
b - Vampiric Draining     Necr           21%        2d7       11%         3

Your spell library contained the following spells:

 Spells                   Type           Power      Damage    Failure   Level
 Sandblast                Erth           4%         2d4       19%         1
 Passwall                 Tmut/Erth      1%         N/A       28%         2
 Static Discharge         Conj/Air       2%         N/A       28%         2
 Stone Arrow              Conj/Erth      4%         3d7       50%         3
 Agony                    Necr           21%        N/A       71%         5
 Lightning Bolt           Conj/Air       1%         1d12      99%         5
 Maxwell's Capacitive Co  Air            1%         ∞         100%        8
 Animate Skeleton         Necr           Unusable   N/A       N/A         1
 Animate Dead             Necr           Unusable   N/A       N/A         4

Dungeon Overview and Level Annotations

Branches:
Dungeon (5/15)             Temple (1/1) D:4           Sewer (visited)

Altars:
Ashenzari
Cheibriados
Dithmenos
Elyvilon
Fedhas
Gozag
Hepliaklqana
Kikubaaqudgha
Makhleb
Nemelex Xobeh
Okawaru
Qazlal
Ru
Uskayaw
Vehumet
Wu Jian
Xom
Yredelemnul
Zin

Shops:
D:1 !   D:5 *

Annotations:
D:3 exclusion: downstairs
D:5 exclusion: phantom


Innate Abilities, Weirdness & Mutations

You are immune to poison.
Your flesh is cold resistant. (rC+)
You are immune to negative energy. (rN+++)
You are immune to unholy pain and torment.
You are vulnerable to heat. (rF-)
You are in touch with the powers of death.
You do not drink.


Message History

The iguana attacks as you move away!
The iguana bites you but does no damage.
Casting: Pain (safe; 3% risk of failure)
Confirm with . or Enter, or press ? or * to list all spells.
Aiming: Vampiric Draining (dangerous; 11% risk of failure)
Press: ? - help, Shift-Dir - straight line, f/p - iguana
Aim: an iguana (moderately wounded)
You feel a surge of power!
You draw life force from the iguana!
You feel life coursing into your body. The iguana bites you!
Unknown command.
Casting: Vampiric Draining (dangerous; 11% risk of failure)
Confirm with . or Enter, or press ? or * to list all spells.
Aiming: Vampiric Draining (dangerous; 11% risk of failure)
Press: ? - help, Shift-Dir - straight line, f/p - iguana
Aim: an iguana (severely wounded)
You feel a surge of power!
You draw life force from the iguana!
You kill the iguana!
Okawaru accepts your kill.
You feel life coursing into your body.
Casting: Vampiric Draining (dangerous; 11% risk of failure)
Confirm with . or Enter, or press ? or * to list all spells.
Aiming: Pain (safe; 3% risk of failure)
Press: ? - help, Shift-Dir - straight line, f - iguana
Aim: an iguana (chance to affect: 85%)
You feel a surge of power!
The iguana writhes in agony.
Casting: Pain (safe; 3% risk of failure)
Confirm with . or Enter, or press ? or * to list all spells.
Aiming: Vampiric Draining (dangerous; 11% risk of failure)
Press: ? - help, Shift-Dir - straight line, f/p - iguana
Aim: an iguana (moderately wounded)
You feel a surge of power!
You draw life force from the iguana!
You feel life coursing into your body. The iguana bites you!
Unknown command.
The iguana attacks as you move away! The iguana bites you!
* * * LOW HITPOINT WARNING * * *
Okay, then.
Okay, then.
You feel drained.
You fail to use your ability.
The iguana barely misses you.
You feel drained.
You fail to use your ability.
The iguana bites you!
You die...

##.## .# #.# .# #.# .#
##'## .# ##...## .#
##.....## #####.#####
#.......## ##.#....=..#
#.........####....#.###.#
+.........'..@l..........
#.........###.......#.#.#
##.......## #.#.#.###.#
##.....## #.###.# #
##...## #.# #.. ##+# #..
.... ### #.###


You could see an iguana.

Vanquished Creatures
  A black bear (D:4)
  A bullfrog (Sewer)
  A hound (D:5)
  An orc priest (D:3)
  Jessica (D:3)
  3 iguanas
  An orc wizard (D:4)
  11 adders
  7 gnolls (D:4)
  A white imp (D:5)
  2 worms (D:2)
  2 dart slugs
  5 orcs
  4 endoplasms
  15 giant cockroaches
  5 goblins
  5 hobgoblins
  7 quokkas
  15 ball pythons
  5 bats (D:1)
  12 frilled lizards
  9 kobolds
  9 rats
123 creatures vanquished.

Vanquished Creatures (others)
  2 fungi (D:1)
  5 plants (D:1)
7 creatures vanquished.

Grand Total: 130 creatures vanquished

Notes
Turn   | Place    | Note
-------+----------+-------------------------------------------
     0 | D:1      | holysushi the Mummy Necromancer began the quest for the
                  | Orb.
     0 | D:1      | Reached XP level 1. HP: 13/13 MP: 4/4
   275 | D:1      | Found Oxtet's Distillery.
   384 | D:1      | Reached skill level 1 in Unarmed Combat
   535 | D:1      | Reached XP level 2. HP: 16/19 MP: 0/5
   878 | D:1      | Found a faded altar of an unknown god.
  1318 | D:2      | Gained mutation: You are in touch with the powers of death.
                  | [Mummy growth]
  1318 | D:2      | Reached XP level 3. HP: 22/24 MP: 5/7
  1583 | D:2      | Learned a level 3 spell: Vampiric Draining
  1933 | D:2      | Reached XP level 4. HP: 30/30 MP: 7/9
  2308 | D:3      | Found a glowing drain.
  2393 | Sewer    | Entered a sewer
  2656 | Sewer    | Reached skill level 1 in Evocations
  2921 | Sewer    | Reached XP level 5. HP: 34/35 MP: 7/11
  3696 | D:3      | Noticed Jessica
  3698 | D:3      | Killed Jessica
  3928 | D:4      | Reached XP level 6. HP: 41/41 MP: 9/12
  4391 | D:4      | Reached skill level 1 in Fighting
  5282 | D:4      | Found a hide-covered altar of Uskayaw.
  5321 | D:4      | Found a staircase to the Ecumenical Temple.
  5321 | D:4      | Noticed an orc warrior
  5682 | D:4      | Reached XP level 7. HP: 48/48 MP: 8/13
  5759 | Temple   | Entered the Ecumenical Temple
  5974 | Temple   | Became a worshipper of Warmaster Okawaru
  6049 | D:5      | Entered Level 5 of the Dungeon
  6305 | D:5      | Found Cisuecim's Assorted Antiques.
  6313 | D:5      | Bought a blackened steel amulet for 125 gold pieces
  6527 | D:5      | Slain by an iguana

Illustrated notes

Levels and vault maps discovered:
D:1:      scummos_arrival_forest, layout_basic,
          shapermc_ecumenical_altar_mp_ritualfount, serial_shops, shop,
          minmay_distorted
D:2:      layout_basic
D:3:      layout_loops_corners, portal_sewer_entry_a, uniq_jessica
D:4:      layout_loops_cross, nicolae_uskayaw_murder_on_the_dancefloor,
          minmay_temple_entry_drinking_statues, minivault_26
D:5:      layout_loops_corners, serial_shops, shop
Temple:   dpeg_five_rooms_temple

Skill      XL: |  1  2  3  4  5  6 |
---------------+-------------------+-----
Unarmed Combat | 1 2 3 4 |  4.5
Spellcasting   | 3 4 |  4.0
Evocations     | 1 2 |  2.7
Fighting       | 1 |  1.8
Dodging        | 2 |  2.3
Stealth        | |  1.5
Necromancy     | |  4.0

Action                   |  1- 3 |  4- 6 |  7- 9 || total
-------------------------+-------+-------+-------++-------
Melee: Unarmed           |    30 |   114 |    18 ||   162
       Punch             |       |     4 |       ||     4
 Cast: Pain              |    66 |   113 |    10 ||   189
       Vampiric Draining |       |    10 |     3 ||    13
  Use: Scroll            |       |     5 |       ||     5
 Stab: Sleeping          |       |     3 |       ||     3
Armor: Robe              |     4 |    40 |     1 ||    45
Dodge: Dodged            |    10 |   117 |    11 ||   138

Table legend: (Time is in decaauts)
 A = Elapsed time spent in this place.
 B = Non-inter-level travel time spent in this place.
 C = Inter-level travel time spent in this place.
 D = Time resting spent in this place.
 E = Time spent auto-exploring this place.
 F = Levels seen in this place.
 G = Mean time per level.
                   A        B        C        D        E       F      G
               +--------+--------+--------+--------+--------+-----+--------+
         Total |   6568 |   6317 |    251 |   1907 |   2987 |   7 |  938.3 |
       Dungeon |   5508 |   5303 |    205 |   1452 |   2784 |   5 | 1101.6 |
        Temple |    264 |    218 |     46 |      0 |    201 |   1 |  264.0 |
         Sewer |    795 |    795 |      0 |    455 |      2 |   1 |  795.0 |
               +--------+--------+--------+--------+--------+-----+--------+

Top non-repeatable levels by time:
     D:4: 1752 daAuts
     D:1: 1244 daAuts
     D:3: 1089 daAuts
     D:2: 945 daAuts
   Sewer: 795 daAuts
     D:5: 476 daAuts
  Temple: 264 daAuts
